 Dungeon Crawl Stone Soup version 0.30.0-5-g1a98f26d00 (webtiles) character file.

Game seed: 3392612621540456351

33 NinjaNoafa the Magician (level 3, -4/20 HPs)
             Began as a Deep Elf Transmuter on May 9, 2023.
             Killed by nerve-wracking pain
             ... invoked by Jessica
              (8 damage)
             ... on level 2 of the Dungeon.
             The game lasted 00:01:37 (687 turns).

NinjaNoafa the Magician (Deep Elf Transmuter)        Turns: 687, Time: 00:01:37

Health: -4/20      AC:  3    Str:  7    XL:     3   Next: 12%
Magic:  9/10       EV: 12    Int: 19    God:
Gold:   65         SH:  0    Dex: 15    Spells: 7/10 levels left

rFire   . .          .
                       - Unarmed
rCold   . . .        (no shield)
rNeg    . . .        a - +0 robe
rPois   .            (helmet currently unavailable)
rElec   .            (no cloak)
rCorr   .            h - +0 pair of gloves
SInv    .            (boots currently unavailable)
Will    .....        (no amulet)
Stlth   +            (no ring)
HPRegen 0.23/turn    (no ring)
MPRegen 0.12/turn

%: no passive effects
@: appendages (expiring), wereblooded (expiring)
A: horns 2, talons 2
a: End Transformation


You were on level 2 of the Dungeon.
You had temporarily grown beastly horns and talons.
You visited 1 branch of the dungeon, and saw 2 of its levels.

You collected 65 gold pieces.

Inventory:

Missiles
 j - 2 javelins
Armour
 a - a +0 robe (worn)
 h - a +0 pair of gloves (worn)
Scrolls
 c - a scroll of teleportation {unknown}
 i - a scroll of summoning {unknown}
Potions
 b - a potion of lignification
 d - a potion of ambrosia {unknown}
 e - 2 potions of brilliance {unknown}
 f - a potion of mutation {unknown}
 g - a potion of degeneration {unknown}


   Skills:
 - Level 0.7 Fighting
 - Level 2.4 Dodging
 - Level 2.4 Unarmed Combat
 + Level 4.1 Spellcasting
 + Level 3.2 Transmutations


You had 7 spell levels left.
You knew the following spells:

 Your Spells              Type           Power      Damage    Failure   Level
a - Beastly Appendage     Tmut           32%        N/A       3%          1
b - Wereblood             Tmut           16%        N/A       5%          2

Your spell library contained the following spells:

 Spells                   Type           Power      Damage    Failure   Level
 Spider Form              Tmut/Pois      10%        N/A       22%         3
 Ice Form                 Ice/Tmut       10%        N/A       56%         4


Dungeon Overview and Level Annotations

Branches:
Dungeon (2/15) Zot: 11306

Altars:

Annotations:
D:2 Jessica


Innate Abilities, Weirdness & Mutations

You have temporarily grown beastly horns and talons.


Message History

Jessica blinks!
The hobgoblin attacks as you move away! The hobgoblin barely misses you.
There is an escape hatch in the ceiling here.
Your transformation is almost over.
Jessica mumbles some strange words.
Jessica blinks!
Unknown command.
You barely miss the hobgoblin. Your headbutt misses the hobgoblin.
The hobgoblin barely misses you.
You hit Jessica. You claw Jessica, but do no damage. You headbutt Jessica.
Jessica is severely wounded.
The hobgoblin hits you but does no damage.
Jessica barely misses you. The +2 spectral club hits you.
A +2 spectral club comes into view.
You hit the hobgoblin but do no damage. You headbutt the hobgoblin.
You feel a bit better.
You kill the hobgoblin!
The +2 spectral club closely misses you.
The +2 spectral club hits you.
Jessica drinks a potion.
Jessica is healed!
The +2 spectral club hits you!
* * * LOW HITPOINT WARNING * * *
Unknown command.
Unknown command.
You hit Jessica.
Jessica is lightly wounded.
Your primal bloodlust is almost over.
The +2 spectral club disappears.
Jessica closely misses you. The +2 spectral club hits you.
* * * LOW HITPOINT WARNING * * *
Something unseen opens the door.
A +2 spectral club comes into view.
Unknown command.
Unknown command.
You barely miss Jessica. You claw Jessica. Your headbutt misses Jessica.
Jessica is heavily wounded.
A hobgoblin comes into view.
Jessica says, "Why did you come here?" Jessica gestures at you while chanting.
Pain shoots through your body!
You die...

... +.<...########
#... #.†....>......
+....#.........##
#....#....#.#...
#...........#.#+###
#......†.##.......#
#.........##......#
#........#.#...(..####
####(....##..<@@.....#
#.....###.##w.....#
#...... ##.#......#
##...... ##.......#
#...... ##..)...g
#......# ......#
......# ......#
...####


You could see a +2 spectral club, a worm, Jessica and a hobgoblin (wandering).

Vanquished Creatures
  2 dart slugs (D:1)
  4 bats (D:1)
  5 endoplasms
  3 giant cockroaches
  A goblin (D:1)
  4 hobgoblins
  A quokka (D:1)
  A ball python (D:1)
  2 frilled lizards
  A kobold (D:1)
  2 rats (D:1)
26 creatures vanquished.

Notes
Turn   | Place    | Note
-------+----------+-------------------------------------------
     0 | D:1      | NinjaNoafa the Deep Elf Transmuter began the quest for the
                  | Orb.
     0 | D:1      | Reached XP level 1. HP: 11/11 MP: 6/6
   103 | D:1      | Reached XP level 2. HP: 16/16 MP: 6/8
   107 | D:1      | Learned a level 2 spell: Wereblood
   340 | D:1      | Reached skill level 4 in Spellcasting
   633 | D:2      | Reached XP level 3. HP: 20/20 MP: 6/10
   674 | D:2      | Noticed Jessica
   687 | D:2      | Killed from afar by Jessica

Illustrated notes

Levels and vault maps discovered:
D:1:      sevenhm_arrival_forest_fort_small_6, layout_basic, serial_rivers,
          chequers_serial_rivers_micro_e, chequers_serial_rivers_micro_d,
          chequers_serial_rivers_large_a, chequers_serial_rivers_micro_d
D:2:      layout_basic, hex_medium, uniq_jessica

Skill      XL: |  1  2 |
---------------+-------+-----
Transmutations | 3 |  3.2
Spellcasting   | 4 |  4.1
Fighting       | |  0.7
Dodging        | |  2.4
Unarmed Combat | |  2.4

Action                     || total
---------------------------++-------
  Melee: Unarmed           ||    82
         Kick              ||    18
         Headbutt          ||    11
         Punch             ||     1
   Cast: Beastly Appendage ||    15
         Wereblood         ||     8
 Armour: Robe              ||    17
  Dodge: Dodged            ||    61
